 Dungeon Crawl Stone Soup version 0.21.1-1-g345015f (webtiles) character file.

156 sankara the Cutter (level 5, 35/35 HPs)
             Began as a Halfling Fighter on Feb 15, 2018.
             Got out of the dungeon alive.
             The game lasted 00:07:21 (2531 turns).

sankara the Cutter (Halfling Fighter)               Turns: 2531, Time: 00:07:22

Health: 35/35      AC: 10    Str: 18    XL:     5   Next: 65%
Magic:  5/5        EV:  9    Int:  6    God:
Gold:   58         SH:  9    Dex: 14    Spells: 4/4 levels left

rFire    . . .     SeeInvis .   r - -3 hunting sling (curse)
rCold    . . .     Gourm    .   c - +0 shield
rNeg     + . .     Faith    .   b - +0 scale mail
rPois    .         Spirit   .   n - +1 helmet
rElec    .         Reflect  .   (no cloak)
rCorr    .         Harm     .   (no gloves)
MR       .....                  i - +0 pair of boots
Stlth    +.........             (no amulet)
HPRegen  0.11/turn              p - ring of positive energy
MPRegen  0.09/turn              (no ring)

@: no status effects
A: small, mutation resistance 1
a: no special abilities


You escaped.
You were not hungry.

You visited 1 branch of the dungeon, and saw 3 of its levels.

You collected 58 gold pieces.

Inventory:

Hand Weapons
 a - a +1 rapier
 j - a +0 hunting sling
 r - a cursed -3 hunting sling (weapon)
Missiles
 e - 53 stones (quivered)
 g - 7 tomahawks
Armour
 b - a +0 scale mail (worn)
 c - a +0 shield (worn)
 i - a +0 pair of boots (worn)
 n - a +1 helmet (worn)
Jewellery
 o - a +3 ring of protection {unknown}
 p - a ring of positive energy (left hand)
Scrolls
 h - a scroll of identify
 k - a scroll of blinking
Potions
 d - a potion of might
 l - 3 potions of flight
 s - a potion of haste {unknown}
Comestibles
 f - 3 rations
 m - 2 chunks of flesh


   Skills:
 - Level 2.6 Fighting
 + Level 5.3 Short Blades
 + Level 2.2 Slings
 - Level 3.2 Armour
 + Level 2.6 Stealth
 - Level 3.2 Shields


You had 4 spell levels left.
You didn't know any spells.

Dungeon Overview and Level Annotations

Branches:
Dungeon (3/15)

Altars:
Sif Muna
The Shining One


Innate Abilities, Weirdness & Mutations

You are small and have problems with some larger weapons.
You are somewhat resistant to further mutation.


Message History

You see here a goblin corpse.
You climb upwards.
There is a stone staircase leading down here.
Key pressed, stopping travel.
Unknown command.
(D) Dungeon
Where to? (Enter - D:2, ? - help)
There is a stone staircase leading up here.
You climb upwards.
There is a stone staircase leading down here.
(D) Dungeon
Where to? (Enter - D:1, ? - help)
Okay, then.
You see here a club.
There is an open door here.
There is a staircase leading out of the dungeon here.
Are you sure you want to leave the Dungeon?
This will make you lose the game!
Alright, then stay!
Are you sure you want to leave the Dungeon?
This will make you lose the game!
You have escaped!

##### #...# #.@.#
#...# #...# ###'####
##......# ######
#.......#######....##
#.#####.##...##......
#..#..#.##...##....##
##.#..#.##...##....##


There were no monsters in sight!

Vanquished Creatures
  4 gnolls
  3 adders
  A worm (D:2)
  5 dart slugs
  3 leopard geckos
  3 giant cockroaches (D:1)
  12 goblins
  10 hobgoblins
  4 jackals (D:1)
  2 quokkas (D:2)
  A ball python (D:2)
  5 bats
  5 frilled lizards
  9 kobolds
  10 rats
77 creatures vanquished.

Notes
Turn   | Place    | Note
-------+----------+-------------------------------------------
     0 | D:1      | sankara the Halfling Fighter began the quest for the Orb.
     0 | D:1      | Reached XP level 1. HP: 15/15 MP: 1/1
    73 | D:1      | Reached skill level 3 in Short Blades
    79 | D:1      | Reached XP level 2. HP: 16/20 MP: 2/2
   284 | D:1      | Reached skill level 4 in Short Blades
   284 | D:1      | Reached XP level 3. HP: 25/25 MP: 3/3
   766 | D:2      | Found a glowing golden altar of the Shining One.
   824 | D:2      | Reached XP level 4. HP: 27/30 MP: 4/4
   854 | D:2      | Reached skill level 1 in Stealth
  1189 | D:2      | Reached skill level 5 in Short Blades
  1402 | D:2      | Found a deep blue altar of Sif Muna.
  1458 | D:2      | Reached skill level 1 in Slings
  1467 | D:2      | Reached XP level 5. HP: 21/35 MP: 5/5
  2531 | D:$      | Got out of the dungeon alive.

Skill      XL: |  1  2  3  4  5 |
---------------+----------------+-----
Short Blades   | 3 4 5 |  5.3
Stealth        | 2 |  2.6
Slings         | 1 2 |  2.2
Fighting       | |  2.6
Armour         | |  3.2
Shields        | |  3.2

Action                   |  1- 3 |  4- 6 || total
-------------------------+-------+-------++-------
Melee: Rapier            |   134 |    32 ||   166
       Hunting sling     |       |     2 ||     2
 Fire: Hunting sling     |       |   241 ||   241
  Use: Scroll            |       |     5 ||     5
       Potion            |       |     4 ||     4
  Eat: Chunk             |       |     5 ||     5
Armor: Scale mail        |    64 |    73 ||   137
Dodge: Dodged            |    58 |    72 ||   130
Block: Shield            |    63 |   115 ||   178
